 Dungeon Crawl Stone Soup version 0.30-a0-1008-g30c9307041 (webtiles) character file.

Game seed: 8364291712603778838

31017 Orangeyouglad the Nimble (level 13, -4/100 (101) HPs)
             Began as a Human Artificer on Apr 5, 2023.
             Was a Priest of Zin.
             Slain by a death scarab (21 damage)
             ... in a Gauntlet on Apr 6, 2023.
             The game lasted 01:43:41 (29503 turns).

Orangeyouglad the Nimble (Human Artificer)         Turns: 29503, Time: 01:43:41

HP:   -4/100 (101)  AC: 18    Str: 21    XL:     13   Next: 93%
MP:   20/20         EV: 32    Int: 20    God:    Zin [***...]
Gold: 493           SH:  0    Dex: 17    Spells: 5/18 levels left

rFire   . . .      SeeInvis .    l - +8 whip "Snakebite" {venom, curare, rPois}
rCold   . . .      Faith    .    (no shield)
rNeg    . . .      Spirit   .    d - +0 acid dragon scales
rPois   ∞          Reflect  .    F - +0 helmet
rElec   .          Rampage  .    X - +0 cloak
rCorr   +          NoTele   +    (no gloves)
Will    .....                    j - +2 pair of boots
Stlth   +++                      r - amulet of the acrobat
HPRegen 0.36/turn                B - +4 ring of protection
MPRegen 0.17/turn                C - +6 ring of strength

@: vitalised, on recite cooldown, acrobatic, slowed, lightly drained, very slow
A: no striking features
a: Renounce Religion, Recite, Vitalisation, Imprison, Donate Gold


You were in a Gauntlet.
You worshipped Zin.
Zin was most pleased with you.
You visited 3 branches of the dungeon, and saw 16 of its levels.
You also visited: Sewer and Gauntlet.

You collected 729 gold pieces.
You donated 236 gold pieces to Zin.

Inventory:

Hand Weapons
 c - a +1 dagger of holy wrath
 f - a +3 mace
 h - a +4 short sword
 l - the +8 whip "Snakebite" (weapon) {venom, curare, rPois}
   (You found it on level 3 of the Lair of Beasts)

   rPois:     It protects you from poison.
Missiles
 G - 25 poisoned darts
 K - a silver javelin
 L - 5 javelins
 N - 6 boomerangs
 Q - a throwing net
Armour
 d - +0 acid dragon scales (worn)
 j - a +2 pair of boots (worn)
 w - a +2 robe of willpower
 y - a +3 leather armour of cold resistance
 F - a +0 helmet (worn)
 X - a +0 cloak (worn)
Jewellery
 o - a ring of fire
 r - an amulet of the acrobat (around neck)
 B - a +4 ring of protection (left hand)
 C - a +6 ring of strength (right hand)
 J - the amulet of the Open Hand {Spirit rN+}
   (You found it on level 6 of the Dungeon)

   [amulet of guardian spirit]

   It causes incoming damage to be divided between your reserves of health and
   magic.
   rN:        It protects you from negative energy.
 U - a +4 ring of protection
Wands
 b - a wand of digging (2)
 R - a wand of charming (8)
 S - a wand of flame (4)
 Z - a wand of quicksilver (3)
Scrolls
 g - 4 scrolls of enchant weapon
 m - 3 scrolls of fog {unknown}
 n - a scroll of amnesia
 q - 5 scrolls of teleportation
 u - 4 scrolls of enchant armour
 x - 2 scrolls of silence
 A - 2 scrolls of poison {unknown}
 E - 4 scrolls of immolation
 H - 4 scrolls of blinking {unknown}
 M - 3 scrolls of vulnerability
 O - a scroll of magic mapping {unknown}
 P - 3 scrolls of noise {unknown}
 T - 2 scrolls of fear
Potions
 a - 5 potions of might
 e - 2 potions of haste
 i - a potion of ambrosia {unknown}
 k - a potion of flight
 p - a potion of degeneration {unknown}
 s - 4 potions of attraction
 t - 2 potions of invisibility {unknown}
 v - a potion of berserk rage {unknown}
 z - 2 potions of mutation
 D - 4 potions of brilliance
 V - 2 potions of curing {unknown}
 W - 4 potions of cancellation {unknown}


   Skills:
 + Level 9.1 Fighting
 + Level 6.3 Maces & Flails
 + Level 7.9 Armour
 + Level 10.1 Dodging
 - Level 5.3 Stealth
 - Level 3.0 Spellcasting
 - Level 1.4 Conjurations
 - Level 4.8 Translocations
 - Level 5.0 Transmutations
 - Level 4.0 Fire Magic
 - Level 5.0 Air Magic
 + Level 5.5 Poison Magic
 - Level 10.0 Invocations
 - Level 3.0 Evocations


You had 5 spell levels left.
You knew the following spells:

 Your Spells              Type           Power      Damage    Failure   Level
a - Sting                 Tmut/Pois      96%        1d7       1%          1
b - Vhi's Electric Charg  Tloc/Air       44%        N/A       7%          3
c - Static Discharge      Conj/Air       30%        2-4/arc   7%          2
d - Ignite Poison         Fire/Tmut/Pois 22%        N/A       7%          3
e - Olgreb's Toxic Radia  Pois           25%        N/A       19%         4

Your spell library contained the following spells:

 Spells                   Type           Power      Damage    Failure   Level
 Lesser Beckoning         Tloc           44%        N/A       3%          2
 Poisonous Vapours        Pois/Air       48%        N/A       3%          2
 Gell's Gravitas          Tloc           22%        N/A       8%          3
 Teleport Other           Tloc           22%        N/A       8%          3
 Passwall                 Tmut/Erth      10%        N/A       10%         2
 Sandblast                Erth           6%         2d5       17%         1
 Stone Arrow              Conj/Erth      10%        3d7       36%         3
 Summon Guardian Golem    Hex/Summ       3%         N/A       45%         3
 Sticky Flame             Conj/Fire      13%        2d4       50%         4
 Alistair's Intoxication  Tmut/Pois      16%        N/A       50%         5
 Silence                  Hex/Air        6%         N/A       86%         5
 Borgnjor's Vile Clutch   Necr/Erth      1%         N/A       99%         5
 Eringya's Noxious Bog    Tmut/Pois      12%        N/A       97%         6
 Plasma Beam              Fire/Air       10%        2x1d23    99%         6
 Orb of Destruction       Conj           4%         9d5       100%        7
 Spellforged Servitor     Conj/Summ      2%         N/A       100%        7
 Ignition                 Fire           9%         3d5       100%        8


Dungeon Overview and Level Annotations

Branches:
Dungeon (11/15)            Temple (1/1) D:5            Lair (4/5) D:11
  Swamp (0/4) Lair:3       Spider (0/4) Lair:2        Slime (0/5) Lair:4
    Orc (0/2) D:9           Sewer (visited)         Gauntlet (1/1)

Altars:
Ashenzari
Cheibriados
Dithmenos
Elyvilon
Fedhas
Gozag
Hepliaklqana
Kikubaaqudgha
Makhleb
Nemelex Xobeh
Okawaru
Qazlal
Ru
Sif Muna
Trog
Uskayaw
Vehumet
Wu Jian
Xom
Yredelemnul
Zin
The Shining One
Jiyva

Shops:
D:2 *   D:4 :   D:6 (

Annotations:
D:5 3 runed translucent doors, BleedingAnus's ghost, novice HOMo
D:10 exclusion: ice statue Gauntlet 13 transporters, 3 runed translucent doors, exclusion: oklob plant


Message History

The death scarab draws strength from your injuries!
Zin grants you divine stamina. The death scarab completely misses you.
The death scarab barely misses you.
You hit the death scarab.
The death scarab is lightly damaged.
The death scarab bites you but does no damage.
The death scarab bites you. The death scarab drains your vigour!
You feel as though you will be slow longer.
The death scarab draws strength from your injuries!
There is a transporter landing site here.
You closely miss the death scarab.
The death scarab is lightly damaged.
The death scarab bites you but does no damage.
The death scarab closely misses you.
You closely miss the death scarab.
The death scarab is lightly damaged.
The death scarab closely misses you. The death scarab closely misses you.
The death scarab barely misses you. The death scarab misses you.
You hit the death scarab.
The death scarab is lightly damaged.
The death scarab bites you! The death scarab drains your vigour!
You feel as though you will be slow longer.
The death scarab draws strength from your injuries!
The death scarab barely misses you.
You hit the death scarab but do no damage.
The death scarab barely misses you.
The death scarab bites you but does no damage.
You barely miss the death scarab.
The death scarab waves its antennae.
The death scarab bites you!!
* * * LOW HITPOINT WARNING * * *
The death scarab drains your vigour!
You feel as though you will be slow longer.
The death scarab draws strength from your injuries!
You closely miss the death scarab. The death scarab closely misses you.
The death scarab bites you but does no damage.
The death scarab attacks as you move away!
The death scarab closely misses you. The death scarab bites you!!
You die...

##≈.....©.....≈##
#≈≈.#########.≈≈#
##≈.##..#.#.#.≈##
##.#.##.#.##.##
##≈.##..##.##.≈##
#≈≈.##.#©.#.#.≈≈#
##≈.#.#..##.#.≈##
##.#.###..##.##
##≈.##.!@B.##.≈##
#≈≈.#########.≈≈#
##≈....#©..8#.≈##
##..8.#...©#.##
##≈....#©..8#.≈##
#≈≈.#########.≈≈#
##≈.#....D..#.≈##
##.#..#....#.##
##≈.#.###...#.≈##


You could see a death scarab and an acid dragon.

Vanquished Creatures
  A hydra (Lair:3)
  A two-headed ogre (D:11)
  3 boulder beetles
  2 death yaks (Lair:3)
  A tengu warrior (D:9)
  A spectral hydra (Gauntlet)
  A manticore (D:10)
  3 oklob plants
  11 elephants
  A torpor snail (Lair:3)
  Joseph (Lair:1)
  4 black mambas
  3 cane toads
  7 komodo dragons
  2 trolls
  3 polar bears
  2 hornets
  7 blink frogs
  2 wyverns
  20 yaks
  3 culicivoras (Lair:2)
  Eustachio (D:5)
  4 basilisks
  A steam dragon (D:9)
  6 vampire mosquitoes
  2 acid dragons (D:9)
  12 water moccasins
  Pargi (Sewer)
  11 ice beasts
  8 orc warriors
  2 sky beasts
  10 wolves
  2 ogres
  8 centaurs
  3 kobold brigands
  9 bullfrogs
  4 scorpions
  9 killer bees
  A vampire bat (D:5)
  3 howler monkeys
  7 electric eels
  A hound (D:6)
  6 orc priests
  2 jellies
  5 iguanas
  Jessica (D:11)
  17 orc wizards
  6 gnolls
  9 adders
  3 shadow imps
  A white imp (D:4)
  2 ufetubi
  3 worms
  2 dart slugs
  3 fire bats (D:5)
  66 orcs
  2 spectral bats (D:5)
  3 bat skeletons (D:5)
  A bat zombie (D:5)
  7 endoplasms
  4 giant cockroaches
  6 goblins
  4 hobgoblins
  A jackal (D:3)
  6 quokkas
  3 training dummies (D:6)
  7 ball pythons
  14 bats
  A bat simulacrum (D:5)
  4 frilled lizards (D:3)
  16 kobolds
  9 rats
398 creatures vanquished.

Vanquished Creatures (collateral kills)
  3 killer bees (D:8)
  A goblin (D:9)
  A kobold (Sewer)
5 creatures vanquished.

Vanquished Creatures (others)
  A killer bee (D:8)
  An orc priest (D:8)
  An orc wizard (D:8)
  A gnoll (D:3)
  12 fungi
  28 plants
  A withered plant (Gauntlet)
45 creatures vanquished.

Grand Total: 448 creatures vanquished

Notes
Turn   | Place    | Note
-------+----------+-------------------------------------------
     0 | D:1      | Orangeyouglad the Human Artificer began the quest for the
                  | Orb.
     0 | D:1      | Reached XP level 1. HP: 15/15 MP: 1/1
    54 | D:1      | Got the Parchment of Astrapomancy
   247 | D:1      | Found a faded altar of an unknown god.
   738 | D:1      | Reached XP level 2. HP: 21/21 MP: 2/2
   900 | D:2      | Reached XP level 3. HP: 26/26 MP: 3/3
   991 | D:2      | Learned a level 1 spell: Sting
  1027 | D:2      | Found Kucuewk's Assorted Antiques.
  1746 | D:3      | Reached skill level 1 in Spellcasting
  1915 | D:3      | Reached XP level 4. HP: 27/33 MP: 5/5
  2493 | D:4      | Reached XP level 5. HP: 31/38 MP: 7/7
  2601 | D:4      | Found a glowing drain.
  2622 | Sewer    | Entered a sewer
  2824 | Sewer    | Noticed Pargi
  2868 | Sewer    | Killed Pargi
  2869 | Sewer    | Reached XP level 6. HP: 46/46 MP: 7/9
  3364 | D:4      | Found Quloula's Self-Improvement Boutique.
  3392 | D:4      | Reached skill level 1 in Poison Magic
  3472 | D:5      | Entered Level 5 of the Dungeon
  3652 | D:5      | Noticed Eustachio
  3681 | D:5      | Killed Eustachio
  3682 | D:5      | Reached skill level 1 in Transmutations
  3682 | D:5      | Reached XP level 7. HP: 41/52 MP: 10/10
  3699 | D:5      | Noticed a hornet
  3704 | D:5      | Paralysed by a hornet for 2 turns
  3709 | D:5      | Killed a hornet
  3854 | D:5      | Reached XP level 8. HP: 34/60 MP: 8/11
  3953 | D:5      | Found a runed translucent gate.
  3954 | D:5      | Found a runed translucent gate.
  3954 | D:5      | Noticed BleedingAnus's ghost (novice HOMo)
  3955 | D:5      | Found a runed translucent gate.
  4114 | D:5      | Found a staircase to the Ecumenical Temple.
  4167 | Temple   | Entered the Ecumenical Temple
  4501 | Temple   | Became a worshipper of Zin the Law-Giver
  4501 | Temple   | Reached * piety under Zin
  5443 | D:6      | Reached ** piety under Zin
  5797 | D:6      | Identified the amulet of the Open Hand {Spirit rN+}
  5824 | D:6      | Found Haumn's Firing Range.
  5887 | D:6      | Reached skill level 5 in Stealth
  6335 | D:6      | Learned a level 3 spell: Vhi's Electric Charge
  6395 | D:7      | Reached XP level 9. HP: 67/67 MP: 7/12
  6946 | D:6      | Reached skill level 5 in Fighting
  7197 | D:7      | Reached skill level 5 in Dodging
  7244 | D:7      | Reached skill level 1 in Invocations
  7721 | D:7      | Found a radiant altar of Vehumet.
  8351 | D:8      | Reached skill level 1 in Translocations
  8467 | D:8      | Reached skill level 5 in Poison Magic
  8467 | D:8      | Reached XP level 10. HP: 18/76 MP: 7/13
  9337 | D:9      | Reached skill level 1 in Air Magic
  9569 | D:9      | HP: 2/76 [acid dragon/splash of acid (25)]
  9586 | D:9      | Zin protects you from harm!
  9801 | D:8      | Donated 164 gold pieces to Zin
 10694 | D:9      | Found a staircase to the Orcish Mines.
 10996 | D:9      | Reached *** piety under Zin
 11967 | D:8      | Learned a level 2 spell: Static Discharge
 12197 | D:10     | Entered Level 10 of the Dungeon
 12374 | D:9      | Reached skill level 5 in Invocations
 12528 | D:10     | Noticed a tengu warrior
 12918 | D:9      | Killed a tengu warrior
 12919 | D:9      | Reached XP level 11. HP: 29/84 MP: 12/15
 13599 | D:10     | Learned a level 3 spell: Ignite Poison
 13662 | D:10     | Found an ornate altar of the Wu Jian Council.
 14261 | D:10     | Reached skill level 1 in Conjurations
 14261 | D:10     | Reached skill level 1 in Fire Magic
 15599 | D:10     | Noticed an ice dragon
 15882 | D:11     | Noticed a manticore
 16469 | D:10     | Killed a manticore
 17315 | D:11     | Noticed a two-headed ogre
 17375 | D:11     | Noticed an oklob plant
 17399 | D:11     | Noticed an oklob plant
 17437 | D:11     | Found a staircase to the Lair.
 18037 | D:11     | Noticed a boulder beetle
 18066 | D:11     | Killed a boulder beetle
 18164 | D:11     | Killed an oklob plant
 18165 | D:11     | Reached skill level 5 in Air Magic
 18309 | D:11     | Killed an oklob plant
 18429 | D:11     | Killed a two-headed ogre
 19048 | D:11     | Reached XP level 12. HP: 27/94 MP: 3/17
 19277 | D:11     | Found a sparkling altar of Nemelex Xobeh.
 19602 | D:11     | Noticed a boulder beetle
 19627 | D:11     | Killed a boulder beetle
 19753 | D:11     | Noticed Jessica
 19830 | D:11     | Killed Jessica
 20501 | Lair:1   | Entered Level 1 of the Lair of Beasts
 20859 | Lair:1   | Reached skill level 1 in Maces & Flails
 21055 | Lair:1   | Noticed Joseph
 21074 | Lair:1   | Killed Joseph
 21287 | Lair:1   | Reached skill level 5 in Armour
 23184 | Lair:2   | Found a hole to the Spider Nest.
 23692 | Lair:2   | Reached XP level 13. HP: 90/101 MP: 11/19
 24835 | Lair:2   | Identified the +6 sling of Urgency {flame, Fragile rC+++
                  | MP-9}
 25064 | Lair:2   | HP: 1/101 [yak (7)]
 25937 | Lair:2   | Reached skill level 5 in Transmutations
 26375 | Lair:3   | Found a staircase to the Swamp.
 26517 | Lair:3   | Learned a level 4 spell: Olgreb's Toxic Radiance
 26672 | Lair:3   | Noticed a four-headed hydra
 26712 | Lair:3   | Killed a four-headed hydra
 26713 | Lair:3   | Reached skill level 5 in Maces & Flails
 27618 | Lair:3   | Reached skill level 10 in Invocations
 28330 | Lair:3   | Reached skill level 10 in Dodging
 28554 | Lair:3   | Found the +8 whip "Snakebite" {venom, curare, rPois}
 28878 | Lair:4   | Found a staircase to the Slime Pits.
 28878 | Lair:4   | Found a viscous altar of Jiyva.
 28898 | Lair:4   | Found a gate leading to a gauntlet.
 28952 | Gauntlet | Entered a Gauntlet
 28952 | Gauntlet | Found a transporter.
 29165 | Gauntlet | Found a transporter.
 29169 | Gauntlet | Found a transporter.
 29176 | Gauntlet | Found a transporter.
 29182 | Gauntlet | Found a transporter.
 29186 | Gauntlet | Found a transporter.
 29191 | Gauntlet | Found a transporter.
 29193 | Gauntlet | Found a runed translucent door.
 29201 | Gauntlet | Found a transporter.
 29203 | Gauntlet | Found a transporter.
 29207 | Gauntlet | Found a runed translucent door.
 29209 | Gauntlet | Found a runed translucent door.
 29211 | Gauntlet | Found a transporter.
 29215 | Gauntlet | Found a transporter.
 29223 | Gauntlet | Found a transporter.
 29246 | Gauntlet | Found a transporter.
 29258 | Gauntlet | Found a transporter.
 29352 | Gauntlet | Noticed a minotaur
 29503 | Gauntlet | Slain by a death scarab

Illustrated notes

Levels and vault maps discovered:
D:1:      nicolae_arrival_somewhat_less_tricky_arrival, layout_basic,
          ebering_ecumenical_altar_sacrificial, serial_bayou_pond_d
D:2:      layout_basic, serial_shops, shop
D:3:      layout_loops_ring, minmay_misc_feat_chi, minmay_circle_x
D:4:      layout_rooms, gup_sewer_entry_bubbles, nicolae_shop_self_help
D:5:      nicolae_cairo_tiling, layout_cave_pools,
          minmay_temple_entry_overgrown, gammafunk_ghost_split, goddamned_bats,
          uniq_eustachio
D:6:      layout_loops_cross, nicolae_shop_firing_range
D:7:      layout_rooms, mainiacjoe_overflow_six_doors_small, nicolae_titane
D:8:      layout_basic
D:9:      layout_irregular_city, erik_orc_3, minmay_misc_feat_rows
D:10:     minmay_twisted_water, layout_irregular_city,
          pdpol_wu_jian_five_deadly_venoms
D:11:     layout_layer_cave, dpeg_oklobed_lair, nemelex_lonely_heart_becter
Temple:   mainiacjoe_temple_cubbyholes
Lair:1:   layout_chaotic_city, grunt_megastairs_3, uniq_joseph
Lair:2:   layout_cave_shapes, hellmonk_spider_entry_life_and_decay,
          minmay_lair_oklob_items, grunt_megastairs_5, serial_bayou_shore_a
Lair:3:   minmay_guarded_unrand_snakebite, layout_chaotic_city, swamp_mist,
          minivault_26
Lair:4:   layout_roguey, slime_entry_1, gauntlet_entry_generic,
          infiniplex_staircase_pool_2, serial_bayou_shore_b, uniq_kirke
Gauntlet: gammafunk_gauntlet_77_escape_option [minmay_gauntlet_arena_77_mess,
          minmay_gauntlet_arena_77_double_cross, minmay_gauntlet_arena_77_path,
          minmay_gauntlet_arena_77_cramped, minmay_gauntlet_arena_77_two_paths,
          nicolae_gauntlet_exit_dead_adventurers]

Skill      XL: |  1  2  3  4  5  6  7  8  9 10 11 12 13 |
---------------+----------------------------------------+-----
Spellcasting   | 1 2 3 |  3.0
Fighting       | 2 3 4 5 7 8 9 |  9.1
Stealth        | 2 3 4 5 |  5.3
Dodging        | 2 3 4 5 7 8 10 | 10.1
Poison Magic   | 1 2 3 5 |  5.5
Transmutations | 1 2 3 4 5 |  5.0
Invocations    | 3 5 7 8 10 | 10.0
Translocations | 1 4 |  4.8
Air Magic      | 3 5 |  5.0
Conjurations   | 1 |  1.4
Fire Magic     | 3 4 |  4.0
Armour         | 3 6 7 |  7.9
Maces & Flails | 3 6 |  6.3
Evocations     | |  3.0

Action                     |  1- 3 |  4- 6 |  7- 9 | 10-12 | 13-15 || total
---------------------------+-------+-------+-------+-------+-------++-------
  Melee: Mace              |    13 |       |       |    74 |   188 ||   275
         Short sword       |    50 |   197 |   231 |   582 |       ||  1060
         Club              |     3 |       |       |       |       ||     3
         Punch             |       |     1 |     1 |    17 |     3 ||    22
         Dagger            |       |       |       |    31 |       ||    31
         Whip              |       |       |       |       |    47 ||    47
  Throw: Boomerang         |       |       |     5 |    32 |    15 ||    52
         Javelin           |       |       |       |    17 |       ||    17
         Throwing net      |       |       |       |     5 |       ||     5
   Cast: Sting             |       |       |   130 |   401 |   135 ||   666
         Static Discharge  |       |       |       |    29 |       ||    29
         Vhi's Electric Ch |       |       |       |     5 |       ||     5
         Ignite Poison     |       |       |       |    57 |    38 ||    95
         Olgreb's Toxic Ra |       |       |       |       |     6 ||     6
 Invoke: Recite            |       |       |     3 |    16 |     2 ||    21
         Donate Gold       |       |       |       |     1 |       ||     1
         Vitalisation      |       |       |       |     2 |     1 ||     3
  Evoke: Wand              |     6 |    24 |    28 |    41 |    12 ||   111
    Use: Scroll            |     3 |     1 |     1 |     9 |     3 ||    17
         Potion            |       |       |       |    11 |     1 ||    12
   Stab: Sleeping          |     4 |     2 |       |     2 |     1 ||     9
         Distracted        |       |       |     1 |     2 |       ||     3
         Confused          |       |       |     1 |       |       ||     1
         Invisible         |       |       |       |     1 |       ||     1
 Armour: Leather armour    |    26 |       |       |       |       ||    26
         Ring mail         |     4 |    58 |   243 |    77 |       ||   382
         Acid dragon scale |       |       |       |   462 |   164 ||   626
  Dodge: Dodged            |    35 |   101 |   327 |  1193 |   290 ||  1946

Table legend: (Time is in decaauts)
 A = Elapsed time spent in this place.
 B = Non-inter-level travel time spent in this place.
 C = Inter-level travel time spent in this place.
 D = Time resting spent in this place.
 E = Time spent auto-exploring this place.
 F = Levels seen in this place.
 G = Mean time per level.
                   A        B        C        D        E       F      G
               +--------+--------+--------+--------+--------+-----+--------+
         Total |  29712 |  27764 |   1948 |  10593 |   9066 |  18 | 1650.7 |
       Dungeon |  20741 |  18923 |   1818 |   6716 |   6569 |  11 | 1885.5 |
        Temple |    389 |    337 |     52 |      0 |    275 |   1 |  389.0 |
          Lair |   7740 |   7662 |     78 |   3552 |   2220 |   4 | 1935.0 |
         Sewer |    283 |    283 |      0 |     55 |      0 |   1 |  283.0 |
      Gauntlet |    557 |    557 |      0 |    269 |      1 |   1 |  557.0 |
               +--------+--------+--------+--------+--------+-----+--------+

Top non-repeatable levels by time:
    D:11: 4324 daAuts
    D:10: 3653 daAuts
  Lair:2: 3373 daAuts
     D:9: 2900 daAuts
  Lair:3: 2459 daAuts
     D:8: 2149 daAuts
     D:6: 1865 daAuts
  Lair:1: 1667 daAuts
     D:5: 1365 daAuts
     D:7: 1191 daAuts
     D:2: 889 daAuts
     D:4: 816 daAuts
     D:3: 806 daAuts
     D:1: 778 daAuts
Gauntlet: 557 daAuts
